 Dungeon Crawl Stone Soup version 0.30-a0-778-g2ef04afb54 (webtiles) character file.

Game seed: 8037610535175984951

47 Oxelix the Sneak (level 3, 0/18 HPs)
             Began as a Spriggan Brigand on Feb 15, 2023.
             Slain by a kobold
             ... wielding a +0 short sword
              (4 damage)
             ... on level 1 of the Dungeon.
             The game lasted 00:02:31 (1133 turns).

Oxelix the Sneak (Spriggan Brigand)                 Turns: 1133, Time: 00:02:32

Health: 0/18       AC:  3    Str:  7    XL:     3   Next: 48%
Magic:  4/4        EV: 16    Int: 12    God:
Gold:   36         SH:  0    Dex: 18    Spells: 2/2 levels left

rFire   . . .      SeeInvis +    a - +2 dagger
rCold   . . .      Faith    .    (no shield)
rNeg    . . .      Spirit   .    b - +0 robe
rPois   .          Reflect  .    (helmet restricted)
rElec   .          Harm     .    c - +0 cloak
rCorr   .          Rampage  .    (gloves unavailable)
Will    .....                    (boots unavailable)
Stlth   ++++                     (no amulet)
HPRegen 0.23/turn                (no ring)
MPRegen 0.09/turn                (no ring)

@: very quick
A: very small, no large weapons, unfitting armour, see invisible, speed 3
a: no special abilities


You were on level 1 of the Dungeon.
You visited 1 branch of the dungeon, and saw 2 of its levels.

You collected 36 gold pieces.

Inventory:

Hand Weapons
 a - a +2 dagger (weapon)
Missiles
 d - 9 poisoned darts (quivered)
 e - 3 curare-tipped darts
Armour
 b - a +0 robe (worn)
 c - a +0 cloak (worn)
Scrolls
 f - a scroll of enchant armour {unknown}
 h - a scroll of teleportation {unknown}
 i - a scroll of magic mapping {unknown}
 k - a scroll of noise {unknown}
Potions
 g - a potion of attraction {unknown}
 j - a potion of haste {unknown}
 l - a potion of flight {unknown}


   Skills:
 - Level 1.5 Fighting
 + Level 2.8 Short Blades
 + Level 2.5 Throwing
 - Level 1.3 Dodging
 * Level 7.0 Stealth


You had 2 spell levels left.
You didn't know any spells.
Your spell library was empty.

Dungeon Overview and Level Annotations

Branches:
Dungeon (2/15)

Altars:

Annotations:
D:2 Sigmund


Innate Abilities, Weirdness & Mutations

You are very small and have problems with some larger weapons.
You are too small for most types of armour.
You have supernaturally acute eyesight. (SInv)
You cover ground extremely quickly. (Speed+++)


Message History

The goblin goes into a battle-frenzy!
The goblin closely misses you. The kobold hits you but does no damage.
You hear an angry hiss.
You hit Robin but do no damage.
Robin is severely wounded.
You barely miss Robin.
Robin is almost dead.
The hobgoblin hits you. The frilled lizard closely misses you.
Robin throws the goblin at you! The kobold hits you with a +0 dagger.
The kobold barely misses you. The goblin misses you.
An adder comes into view.
Unknown command.
You closely miss Robin.
Robin is almost dead.
You kill Robin!
The kobold hits you with a +0 short sword.
The goblin closely misses you. The hobgoblin hits you.
* * * LOW HITPOINT WARNING * * *
The frilled lizard bites you.
* * * LOW HITPOINT WARNING * * *
The kobold closely misses you. The goblin barely misses you.
Your Stealth skill increases to level 7!
The goblin barely misses you. The kobold barely misses you.
The hobgoblin barely misses you. The kobold hits you with a +0 dagger.
* * * LOW HITPOINT WARNING * * *
The goblin barely misses you. The frilled lizard misses you.
The goblin hits you but does no damage.
You climb upwards.
There is a stone staircase leading down here.
You hit the hobgoblin but do no damage. The kobold hits you but does no damage.
The hobgoblin closely misses you. The kobold completely misses you.
The goblin completely misses you.
You barely miss the hobgoblin. The kobold closely misses you.
The hobgoblin barely misses you. The kobold completely misses you.
The goblin barely misses you.
You hit the hobgoblin.
The hobgoblin is almost dead.
The kobold barely misses you. The hobgoblin barely misses you.
The kobold hits you with a +0 short sword.
You die...

.....#.# ###.#.## #
#..## #.## ###.#
....# ###.######
#......# #####
###..###.# ##lK@##
.....# #.####.ggKg#
###..###........g.#
##.......####.....#
#.....#### ##...##
##...## ##.## ##.##
#.# #.# #.# #.#
####.#####


You could see a hobgoblin (strong), 3 goblins, 2 kobolds and a frilled lizard.

Vanquished Creatures
  Robin (D:2)
  2 dart slugs (D:1)
  A bat (D:1)
  5 endoplasms (D:1)
  A giant cockroach (D:1)
  4 goblins
  3 hobgoblins (D:1)
  3 jackals
  2 kobolds (D:1)
  3 ball pythons (D:1)
  A frilled lizard (D:1)
  2 rats (D:1)
28 creatures vanquished.

Notes
Turn   | Place    | Note
-------+----------+-------------------------------------------
     0 | D:1      | Oxelix the Spriggan Brigand began the quest for the Orb.
     0 | D:1      | Reached XP level 1. HP: 10/10 MP: 2/2
    56 | D:1      | Reached skill level 6 in Stealth
   182 | D:1      | Reached XP level 2. HP: 9/14 MP: 3/3
   719 | D:1      | Reached XP level 3. HP: 18/18 MP: 4/4
  1116 | D:2      | Noticed Robin
  1119 | D:2      | Noticed Sigmund
  1128 | D:2      | Killed Robin
  1129 | D:2      | Reached skill level 7 in Stealth
  1133 | D:1      | Slain by a kobold

Illustrated notes

Levels and vault maps discovered:
D:1:      heliophobic_arrival_glass_houses, layout_loops_corners
D:2:      layout_rooms, serial_curves, eino_curves_04, eino_curves_02,
          hangedman_decor_peaks_small, uniq_robin, uniq_sigmund,
          uniq_crazy_yiuf_cottage

Skill      XL: |  1  2  3 |
---------------+----------+-----
Stealth        | 6 7 |  7.0
Fighting       | |  1.5
Short Blades   | |  2.8
Throwing       | |  2.5
Dodging        | |  1.3

Action                     || total
---------------------------++-------
  Melee: Dagger            ||    63
         Punch             ||     1
  Throw: Dart              ||     5
   Stab: Sleeping          ||    10
 Armour: Robe              ||    14
  Dodge: Dodged            ||    53

Table legend: (Time is in decaauts)
 A = Elapsed time spent in this place.
 B = Non-inter-level travel time spent in this place.
 C = Inter-level travel time spent in this place.
 D = Time resting spent in this place.
 E = Time spent auto-exploring this place.
 F = Levels seen in this place.
 G = Mean time per level.
                   A        B        C        D        E       F      G
               +--------+--------+--------+--------+--------+-----+--------+
         Total |    736 |    668 |     68 |      0 |    514 |   2 |  368.0 |
       Dungeon |    736 |    668 |     68 |      0 |    514 |   2 |  368.0 |
               +--------+--------+--------+--------+--------+-----+--------+

Top non-repeatable levels by time:
     D:1: 711 daAuts
     D:2: 24 daAuts
